 Dungeon Crawl Stone Soup version 0.26-a0-682-g294304f6e8 (webtiles) character file.

Game seed: 517955169955325615

165596 pkoi the Fencer (level 17, -6/154 HPs)
             Began as a Minotaur Fighter on Oct 18, 2020.
             Was a High Priest of Okawaru.
             Killed from afar by a deep elf mage (28 damage)
             ... with a bolt of lightning
             ... on level 3 of the Elven Halls on Oct 21, 2020.
             The game lasted 00:59:52 (33991 turns).

pkoi the Fencer (Minotaur Fighter)                 Turns: 33991, Time: 00:59:53

Health: -6/154     AC: 30    Str: 29    XL:     17   Next: 28%
Magic:  0/22       EV: 17    Int:  5    God:    Okawaru [*****.]
Gold:   3813       SH: 18    Dex: 12    Spells: 16/16 levels left

rFire    . . .     SeeInvis .   N - +6 demon blade (drain)
rCold    + . .     Faith    .   n - +2 kite shield {AC+3}
rNeg     . . .     Spirit   +   G - +4 plate armour {rPois}
rPois    +         Reflect  .   c - +1 hat
rElec    .         Harm     .   O - +2 cloak {MR+}
rCorr    .         Rampage  .   M - +0 pair of gloves {Str+3}
MR       +++..                  x - +0 pair of boots {Fly}
Stlth    ..........             U - amulet of guardian spirit
HPRegen  0.35/turn              I - ring of protection from cold
MPRegen  0.18/turn              L - ring of protection from magic

@: heroism, corroded, flying
A: retaliatory headbutt, horns 2, blurry vision 1
a: Heroism, Finesse, Renounce Religion, Stop Flying


You were on level 3 of the Elven Halls.
You worshipped Okawaru.
Okawaru was extremely pleased with you.
You visited 5 branches of the dungeon, and saw 26 of its levels.
You visited the Abyss 1 time.
You also visited: Ice Cave.

You collected 4729 gold pieces.
You spent 916 gold pieces at shops.

Inventory:

Hand Weapons
 u - a +2 antimagic scimitar
 y - a +2 demon blade of electrocution
 N - a +6 demon blade of draining (weapon)
 Q - a +3 scimitar of flaming
Missiles
 b - 66 poisoned darts
 l - 3 boomerangs of dispersal
 r - 39 boomerangs (quivered)
 C - 24 javelins
 K - 9 curare-tipped darts
Armour
 c - a +1 hat (worn)
 n - a +2 kite shield of protection (worn)
 x - a +0 pair of boots of flying (worn)
 G - a +4 plate armour of poison resistance (worn)
 M - a +0 pair of gloves of strength (worn)
 O - a +2 cloak of magic resistance (worn)
Jewellery
 p - an uncursed ring of see invisible
 w - an uncursed ring of protection from fire
 I - a ring of protection from cold (left hand)
 L - a ring of protection from magic (right hand)
 R - an uncursed ring of positive energy
 U - an amulet of guardian spirit (around neck)
Wands
 o - a wand of disintegration (10)
 z - a wand of polymorph (19)
 D - a wand of flame (107)
 F - a wand of iceblast (20)
 S - a wand of digging (5)
Scrolls
 a - a scroll of enchant weapon
 e - 7 scrolls of remove curse
 f - 3 scrolls of fear
 j - 24 scrolls of identify
 m - 6 scrolls of enchant armour
 t - 7 scrolls of teleportation
 A - 2 scrolls of blinking
 B - a scroll of holy word
 E - a scroll of fog
 J - 4 scrolls of amnesia
 P - 3 scrolls of magic mapping
Potions
 d - 3 potions of might
 g - 4 potions of brilliance
 h - 9 potions of curing
 i - 5 potions of heal wounds
 k - 4 potions of mutation
 q - 3 potions of haste
 s - 3 potions of cancellation
 v - 3 potions of invisibility
 H - 3 potions of magic


   Skills:
 + Level 14.9(19.9) Fighting
 + Level 15.4(20.4) Long Blades
 + Level 12.5(17.5) Throwing
 + Level 14.8(19.8) Armour
 + Level 13.5(18.5) Dodging
 + Level 14.7(19.7) Shields
 - Level 9.0 Invocations


You had 16 spell levels left.
You didn't know any spells.
Your spell library contained the following spells:

 Spells                   Type           Power        Failure   Level
 Beastly Appendage        Tmut           #.....       92%         1
 Shock                    Conj/Air       #...         92%         1
 Corpse Rot               Necr/Air       N/A          98%         2
 Sublimation of Blood     Necr           #.........   98%         2
 Swiftness                Air            #.......     98%         2
 Wereblood                Tmut           #.......     98%         2
 Spider Form              Tmut/Pois      #.........   100%        3
 Static Discharge         Conj/Air       #.......     100%        3
 Vampiric Draining        Necr           #.........   100%        3
 Airstrike                Air            #.........   100%        4
 Animate Dead             Necr           #.........   100%        4
 Ice Form                 Ice/Tmut       #.......     100%        4
 Blade Hands              Tmut           #.........   100%        5
 Borgnjor's Vile Clutch   Necr/Erth      #.........   100%        5
 Excruciating Wounds      Necr           #.........   100%        5
 Irradiate                Conj/Tmut      #.........   100%        5
 Lightning Bolt           Conj/Air       #.........   100%        5
 Death Channel            Necr           #.........   100%        6
 Hydra Form               Tmut           #.........   100%        6
 Simulacrum               Ice/Necr       #.........   100%        6
 Statue Form              Tmut/Erth      #........    100%        6
 Dragon Form              Tmut           #.........   100%        7


Dungeon Overview and Level Annotations

Branches:
Dungeon (14/15)            Temple (1/1) D:7            Lair (6/6) D:10
  Swamp (0/4) Lair:2        Snake (0/4) Lair:3        Slime (0/5) Lair:6
    Orc (2/2) D:11            Elf (3/3) Orc:2        Vaults (0/5) D:13
  IceCv (visited)

Altars:
Ashenzari
Cheibriados
Dithmenos
Elyvilon
Fedhas
Gozag
Hepliaklqana
Kikubaaqudgha
Makhleb
Nemelex Xobeh
Okawaru
Qazlal
Ru
Sif Muna
Trog
Uskayaw
Vehumet
Wu Jian
Xom
Yredelemnul
Zin
The Shining One
Beogh
Jiyva

Shops:
D:11 [   Orc:2 :[([   Elf:2 *

Annotations:
D:6 Prince Ribbit
D:7 3 transporters, Menkaure
Lair:6 1 runed translucent door
Elf:3 Roxanne


Innate Abilities, Weirdness & Mutations

You reflexively headbutt those who attack you in melee.
You have a pair of horns on your head.
Scrolls take you a little longer to read.


Message History

A deep elf annihilator comes into view. It is wielding a +1 vorpal long sword.
The deep elf elementalist mumbles some strange words.
The deep elf elementalist seems to speed up.
You hear a shout!
Your surroundings suddenly seem different.
A deep elf mage comes into view. It is wielding a +0 rapier.
The deep elf mage shouts!
A deep elf mage comes into view. It is wielding a +0 long sword.
The deep elf mage shouts!
Found an ichor-stained ring mail, 48 gold pieces and 6 boomerangs.
Unknown command.
You feel much better.
The deep elf mage casts a spell.
The deep elf mage blinks!
The deep elf mage gestures at you while chanting.
The bolt of lightning misses you. The bolt of lightning hits you!
* * * LOW HITPOINT WARNING * * *
The deep elf mage casts a spell at you. The bolt of lightning hits you!!
You die...

####
###$..###
#..(....#
#.....e.#
+....$..#
#..e[ยง@.#
#.......#
####...#+#
. #####
...#


PP.. PPP ..# PP ... .8 You could see 2 deep elf magi.

Vanquished Creatures
  2 deep elf blademasters
  Kirke (D:13)
  2 orc warlords (Orc:2)
  A balrug (Abyss:3)
  3 deep elf sorcerers
  A deep elf elementalist (Elf:3)
  2 deep elf demonologists
  2 deep elf annihilators (Elf:3)
  4 deep elf death magi
  A deep elf high priest (Elf:3)
  A yaktaur captain (D:13)
  Fannar (D:11)
  3 catoblepae (Lair:6)
  4 hydras
  2 ice dragons (IceCv)
  An alligator (Lair:6)
  A centaur warrior (D:14)
  21 dancing weapons
  6 two-headed ogres
  Urug (Lair:5)
  12 death yaks
  2 sun demons (Abyss:3)
  18 deep elf knights
  A deep troll (shapeshifter) (Elf:2)
  2 unseen horrors (D:11)
  8 deep elf archers
  5 orc knights
  A necromancer (Elf:1)
  3 lindwurms (Lair:6)
  3 orc sorcerers (Orc:2)
  A wolf spider (Lair:6)
  5 manticores
  53 deep elf magi
  12 elephants
  Maurice (D:11)
  2 cyclopes (D:14)
  5 large abominations
  4 black mambas
  2 torpor snails (Lair:6)
  2 ice statues (IceCv)
  9 cane toads
  A gargoyle (D:12)
  2 kobold demonologists (D:14)
  2 yaktaurs (D:13)
  12 rime drakes
  2 freezing wraiths (D:14)
  An efreet (D:14)
  8 komodo dragons
  A queen bee (shapeshifter) (D:14)
  10 polar bears (Lair:6)
  6 trolls
  3 meliai (D:14)
  3 slime creatures
  3 raiju (Lair:6)
  17 blink frogs
  22 dream sheep
  A centaur simulacrum (D:14)
  2 air elementals
  2 water elementals
  2 shadows (D:11)
  A vampire (D:14)
  2 wraiths (D:12)
  4 wyverns
  44 yaks
  A fire elemental (Elf:1)
  2 hogs (D:13)
  A basilisk (Lair:6)
  A chaos spawn (Elf:2)
  A vampire mosquito (D:14)
  A neqoxec (Abyss:3)
  8 steam dragons
  A soldier ant (D:13)
  14 wargs
  2 nagas (Lair:3)
  Duvessa (D:7)
  14 hell hounds (Lair:6)
  6 water moccasins
  10 sky beasts
  24 ice beasts
  25 orc warriors
  16 black bears
  2 eyes of draining
  4 necrophages
  A phantom (D:9)
  13 ogres
  29 wolves
  7 centaurs
  3 big kobolds
  10 bullfrogs
  3 elf zombies (Elf:1)
  A wyvern zombie (D:10)
  An earth elemental (Elf:3)
  Dowan (D:7)
  4 scorpions
  8 killer bees (D:13)
  8 wights
  2 electric eels
  6 howler monkeys
  6 centaur zombies
  7 hounds
  4 quasits
  7 bullfrog zombies
  3 jellies
  5 centaur skeletons
  30 orc priests
  3 bullfrog skeletons
  2 iron imps (Abyss:3)
  Jessica (D:2)
  4 iguanas
  32 orc wizards
  7 worker ants
  A hound zombie (D:11)
  A hound skeleton (D:4)
  Robin (D:3)
  2 worker ant zombies
  A howler monkey skeleton (D:5)
  8 adders
  2 shadow imps
  3 white imps (D:10)
  An ufetubus (D:7)
  2 oozes
  2 adder skeletons
  2 dart slugs (D:1)
  8 leopard geckos
  140 orcs
  9 bats
  2 giant cockroaches
  16 goblins
  12 hobgoblins
  12 jackals
  5 quokkas
  2 frilled lizards (D:1)
  15 kobolds
  A quokka zombie (D:7)
  A rat (D:2)
953 creatures vanquished.

Vanquished Creatures (others)
  Asterion (Elf:2)
  A deep elf knight (Elf:2)
  A rime drake (Lair:2)
  2 bushes (D:10)
  38 fungi
  53 plants
96 creatures vanquished.

Grand Total: 1049 creatures vanquished

Notes
Turn   | Place    | Note
-------+----------+-------------------------------------------
     0 | D:1      | pkoi the Minotaur Fighter began the quest for the Orb.
     0 | D:1      | Reached XP level 1. HP: 19/19 MP: 0/0
    31 | D:1      | Reached skill level 3 in Long Blades
    34 | D:1      | Reached XP level 2. HP: 19/26 MP: 1/1
   342 | D:1      | Reached skill level 4 in Long Blades
   600 | D:1      | Reached XP level 3. HP: 31/31 MP: 2/2
  1242 | D:2      | Reached skill level 5 in Long Blades
  1305 | D:2      | Found a shadowy altar of Dithmenos.
  1315 | D:2      | Found a shimmering altar of Xom.
  1316 | D:2      | Found a blossoming altar of Fedhas.
  1319 | D:2      | Found an iron altar of Okawaru.
  1327 | D:2      | Became a worshipper of Warmaster Okawaru
  1719 | D:2      | Noticed Jessica
  1723 | D:2      | Killed Jessica
  1723 | D:2      | Reached XP level 4. HP: 39/39 MP: 3/3
  1759 | D:2      | q
  1787 | D:3      | Noticed Robin
  1811 | D:2      | Reached skill level 6 in Long Blades
  1908 | D:3      | Killed Robin
  2070 | D:3      | Reached XP level 5. HP: 46/46 MP: 4/4
  2246 | D:3      | Reached skill level 1 in Dodging
  2246 | D:3      | Reached skill level 1 in Invocations
  2250 | D:3      | Reached skill level 1 in Throwing
  2250 | D:3      | Reached XP level 6. HP: 52/52 MP: 5/5
  2970 | D:4      | Reached * piety under Okawaru
  3268 | D:4      | Found a sacrificial altar of Ru.
  3326 | D:4      | Reached XP level 7. HP: 52/60 MP: 7/7
  3431 | D:5      | Entered Level 5 of the Dungeon
  3504 | D:5      | Found a bloodstained altar of Trog.
  3735 | D:5      | Found a white marble altar of Elyvilon.
  3811 | D:5      | Found a glowing silver altar of Zin.
  4119 | D:6      | Reached ** piety under Okawaru
  4175 | D:6      | Reached skill level 5 in Fighting
  4197 | D:6      | Reached skill level 5 in Shields
  4198 | D:6      | Noticed Prince Ribbit
  4421 | D:6      | Identified 2 scrolls of acquirement
  4421 | D:6      | Acquired a +0 pair of boots of flying
  4571 | D:6      | Reached skill level 7 in Long Blades
  4571 | D:6      | Reached skill level 5 in Armour
  4571 | D:6      | Reached XP level 8. HP: 33/68 MP: 9/9
  4957 | D:7      | Found a transporter.
  4996 | D:7      | Found a staircase to the Ecumenical Temple.
  5022 | Temple   | Entered the Ecumenical Temple
  5256 | D:7      | Found a transporter.
  5283 | D:7      | Found a basalt altar of Yredelemnul.
  5365 | D:7      | Noticed Duvessa
  5366 | D:7      | Noticed Dowan
  5375 | D:7      | Killed Duvessa
  5394 | D:7      | Killed Dowan
  5911 | D:7      | Found an ancient bone altar of Kikubaaqudgha.
  5912 | D:7      | Noticed Menkaure
  5925 | D:7      | Found a transporter.
  6441 | D:8      | Reached *** piety under Okawaru
  6767 | D:8      | Reached XP level 9. HP: 17/75 MP: 10/10
  7059 | D:8      | Found an ornate altar of the Wu Jian Council.
  7262 | D:8      | Found a radiant altar of Vehumet.
  7270 | D:8      | Reached skill level 8 in Long Blades
  7624 | D:8      | Reached **** piety under Okawaru
  7692 | D:8      | Received a gift from Okawaru
  7865 | D:9      | Reached skill level 5 in Dodging
  8473 | D:10     | Entered Level 10 of the Dungeon
  8533 | D:10     | Noticed a death yak
  8533 | D:10     | Noticed a death yak
  8608 | D:9      | Killed a death yak
  8608 | D:9      | Reached skill level 5 in Throwing
  8608 | D:9      | Reached skill level 5 in Invocations
  8608 | D:9      | Reached XP level 10. HP: 67/86 MP: 10/12
  8724 | D:10     | Reached ***** piety under Okawaru
  8773 | D:10     | Noticed a death yak
  8795 | D:10     | Killed a death yak
  8795 | D:10     | Received a gift from Okawaru
  8795 | D:10     | Reached skill level 9 in Long Blades
  9003 | D:9      | Killed a death yak
  9003 | D:9      | Received a gift from Okawaru
  9263 | D:10     | Noticed a two-headed ogre
  9275 | D:10     | Killed a two-headed ogre
  9474 | D:10     | Reached XP level 11. HP: 95/95 MP: 14/14
  9640 | D:10     | Found a staircase to the Lair.
  9938 | D:10     | Found a blossoming altar of Fedhas.
 10115 | D:10     | Received a gift from Okawaru
 10240 | D:10     | Noticed a two-headed ogre
 10248 | D:10     | Killed a two-headed ogre
 10320 | D:10     | Noticed a two-headed ogre
 10329 | D:10     | Killed a two-headed ogre
 10433 | D:10     | Received a gift from Okawaru
 10433 | D:10     | Reached skill level 10 in Long Blades
 10608 | Lair:1   | Entered Level 1 of the Lair of Beasts
 10812 | Lair:1   | Acquired a +2 antimagic scimitar
 11502 | Lair:2   | Found a staircase to the Swamp.
 11620 | Lair:2   | Received a gift from Okawaru
 11813 | Lair:2   | Reached XP level 12. HP: 93/105 MP: 16/16
 14157 | Lair:3   | Found a staircase to the Snake Pit.
 14168 | Lair:3   | Reached ****** piety under Okawaru
 14168 | Lair:3   | Received a gift from Okawaru
 14169 | Lair:3   | Found the +2 hat of the Bear Spirit {Spirit, +Rage rN+
                  | MR++}
 14552 | Lair:4   | Reached skill level 10 in Fighting
 14853 | Lair:4   | Reached skill level 11 in Long Blades
 14853 | Lair:4   | Reached skill level 10 in Armour
 15553 | Lair:5   | Reached skill level 10 in Shields
 15667 | Lair:5   | Noticed a death yak
 15667 | Lair:5   | Noticed a death yak
 15670 | Lair:5   | Noticed a death yak
 15671 | Lair:5   | Noticed a death yak
 15678 | Lair:5   | Noticed a death yak
 15734 | Lair:5   | Noticed Urug
 15752 | Lair:5   | Killed Urug
 15817 | Lair:5   | Noticed a seven-headed hydra
 15847 | Lair:4   | Killed a one-headed hydra
 16210 | Lair:5   | Noticed a death yak
 16218 | Lair:5   | Killed a death yak
 16230 | Lair:5   | Killed a death yak
 16238 | Lair:5   | Killed a death yak
 16241 | Lair:5   | Killed a death yak
 16241 | Lair:5   | Reached XP level 13. HP: 103/114 MP: 10/18
 16393 | Lair:5   | Received a gift from Okawaru
 16396 | Lair:5   | Got a jewelled scale mail {god gift}
 16407 | Lair:5   | Identified the +1 scale mail "Odegutaj" {+Inv Str-5 Int+2}
                  | (Okawaru gifted it to you on level 5 of the Lair of Beasts)
 16841 | Lair:5   | Found a basalt altar of Yredelemnul.
 17451 | Lair:6   | Entered Level 6 of the Lair of Beasts
 17781 | Lair:6   | Reached skill level 12 in Long Blades
 18078 | Lair:6   | Reached skill level 10 in Dodging
 18432 | Lair:6   | Received a gift from Okawaru
 18831 | Lair:6   | Reached XP level 14. HP: 59/125 MP: 8/19
 19314 | Lair:6   | Received a gift from Okawaru
 19349 | Lair:6   | Upgraded the game from 0.26-a0-668-gd58323b419 to
                  | 0.26-a0-672-g1df16c3386
 19765 | Lair:6   | Received a gift from Okawaru
 19947 | Lair:6   | Found a viscous altar of Jiyva.
 19948 | Lair:6   | Found a runed translucent door.
 19950 | Lair:6   | Found a staircase to the Slime Pits.
 20308 | Lair:6   | Received a gift from Okawaru
 20309 | Lair:6   | Reached skill level 13 in Long Blades
 20320 | Lair:6   | Reached skill level 10 in Throwing
 20738 | D:11     | Found Virul's Antique Armour Shop.
 20744 | D:11     | Bought a faintly humming buckler for 332 gold pieces
 20744 | D:11     | Bought an embroidered cloak for 262 gold pieces
 20754 | D:11     | Identified the +2 buckler of Masochism {-Tele Harm rCorr}
                  | (You bought it in a shop on level 11 of the Dungeon)
 20817 | D:11     | Noticed Maurice
 20823 | D:11     | Killed Maurice
 21088 | D:11     | Received a gift from Okawaru
 21104 | D:11     | Noticed Fannar
 21119 | D:11     | Killed Fannar
 21331 | D:11     | Found a staircase to the Orcish Mines.
 21830 | D:12     | Received a gift from Okawaru
 22520 | D:13     | Found a gate to the Vaults.
 23690 | D:13     | Noticed Kirke
 23712 | D:13     | Killed Kirke
 23894 | D:14     | Reached XP level 15. HP: 131/134 MP: 18/20
 24962 | D:14     | Found a shadowy altar of Dithmenos.
 25246 | Orc:1    | Entered Level 1 of the Orcish Mines
 25298 | Orc:1    | Found a frozen archway.
 25327 | IceCv    | Entered an ice cave
 25375 | IceCv    | Received a gift from Okawaru
 25739 | IceCv    | Received a gift from Okawaru
 25929 | Orc:1    | Received a gift from Okawaru
 26541 | Orc:2    | Entered Level 2 of the Orcish Mines
 26825 | Orc:2    | Found a staircase to the Elven Halls.
 27010 | Orc:2    | Found a roughly hewn altar of Beogh.
 27025 | Orc:2    | Found Tozxym's Armour Emporium.
 27199 | Orc:2    | Noticed an orc warlord
 27228 | Orc:2    | Killed an orc warlord
 27495 | Orc:2    | Found a shimmering altar of Xom.
 27633 | Orc:2    | Found a roughly hewn altar of Beogh.
 27640 | Orc:2    | Found Ykaskipt's Book Shoppe.
 27721 | Orc:2    | Reached skill level 14 in Long Blades
 27811 | Orc:2    | Noticed an orc warlord
 27859 | Orc:2    | Killed an orc warlord
 27991 | Orc:2    | Found Weckask's Antique Weapon Shoppe.
 27992 | Orc:2    | Found a roughly hewn altar of Beogh.
 28009 | Orc:2    | Found Femih's Antique Armour Emporium.
 28024 | Orc:2    | Bought a polished chain mail for 180 gold pieces
 28034 | Orc:2    | Identified the cursed +1 chain mail "Bexzij" {rF+ rCorr
                  | Str-4 Int+3} (You bought it in a shop on level 2 of the
                  | Orcish Mines)
 28049 | Orc:2    | Bought a shiny kite shield for 142 gold pieces
 28156 | Orc:2    | Found a roughly hewn altar of Beogh.
 28213 | Orc:2    | Found a roughly hewn altar of Beogh.
 28388 | Elf:1    | Entered Level 1 of the Elven Halls
 28587 | Elf:1    | Received a gift from Okawaru
 28956 | Elf:1    | Received a gift from Okawaru
 29083 | Elf:1    | Identified the Incunabulum of Evil Magic
 29301 | Elf:1    | You are sucked into a shaft and drop 1 floor!
 29525 | Elf:2    | Reached XP level 16. HP: 141/145 MP: 11/21
 29557 | Elf:2    | Noticed Asterion
 29567 | Elf:2    | Killed Asterion
 29938 | Elf:2    | Cast into level 3 of the Abyss (+3 battleaxe of distortion)
 30031 | Elf:2    | Escaped the Abyss
 30438 | Elf:2    | Noticed a deep elf blademaster
 30451 | Elf:2    | Killed a deep elf blademaster
 30490 | Elf:2    | Found a runed translucent gate.
 30490 | Elf:2    | Found a runed translucent gate.
 30490 | Elf:2    | Found a runed translucent gate.
 30610 | Elf:2    | Received a gift from Okawaru
 31217 | Elf:2    | Received a gift from Okawaru
 31217 | Elf:2    | Reached skill level 15 in Long Blades
 31607 | Elf:2    | Found Peinur's General Store.
 31695 | Elf:2    | Found a radiant altar of Vehumet.
 32214 | Elf:1    | Gained mutation: Scrolls take you a little longer to read.
                  | [a neqoxec]
 32345 | Elf:1    | Received a gift from Okawaru
 32479 | Elf:3    | Entered Level 3 of the Elven Halls
 32579 | Elf:3    | Reached XP level 17. HP: 154/154 MP: 22/22
 32586 | Elf:3    | Received a gift from Okawaru
 32831 | Elf:3    | Noticed Roxanne
 33185 | Elf:3    | Upgraded the game from 0.26-a0-672-g1df16c3386 to
                  | 0.26-a0-682-g294304f6e8
 33470 | Elf:3    | Identified the ring "Piuphec" {rPois rF- Int-5 Slay+4
                  | Stlth-}
 33470 | Elf:3    | Noticed a deep elf blademaster
 33958 | Elf:3    | Killed a deep elf blademaster
 33964 | Elf:3    | Identified the +4 scimitar of Precise Incision {flame,
                  | +Rage rPois rN+}
 33970 | Elf:3    | Noticed a Brimstone Fiend
 33991 | Elf:3    | Killed from afar by a deep elf mage

Illustrated notes

#.......#####..##.##.##
#..............#......#
#.##.#.#######.......(#
#.##.#.##############.#
#....#.#.....# #.######
#..###.#.....## #.#.....
#..###.#......# #.......
#......#..[...# ##.#.....
###.#####...@..# #..######
#...# ######.# ##..#### #.###
#.# #......# #.# #.# #...##.#
#.# #######.#####...##.#
#.######...............##.#
#.........###..#####..###.#
#######...###<.#####......###
#...............[......


Turn 1759 on D:2: q

Levels and vault maps discovered:
D:1:      kennysheep_arrival_forest, layout_basic
D:2:      layout_loops_cross, minitemple, wad_orctagon, uniq_jessica
D:3:      layout_rooms, uniq_robin
D:4:      layout_cave_pools, kennysheep_mini_moat
D:5:      layout_gridville, lemuel_round_altar, kennysheep_mini, zin_scriptorium
D:6:      layout_basic, uniq_prince_ribbit1
D:7:      gammafunk_the_bubble [the_bubble_gammafunk_crates], layout_basic,
          gammafunk_temple_of_torment, temple_pool_b, minmay_joined_circles,
          uniq_duvessa
D:8:      layout_loops_ring, vehumet_crystals, basic_altar
D:9:      layout_cross, kb_lookout_dungeons_type
D:10:     layout_loops_ring, dpeg_lair_monsters, fedhas_altar_decomposition
D:11:     layout_loops_corners, david_orc_2, serial_shops,
          nicolae_shop_statue_plus, uniq_maurice, uniq_fannar
D:12:     layout_irregular_city
D:13:     layout_roguey, david_vaults_2, uniq_kirke
D:14:     minmay_inside_and_out, layout_loops_cross,
          nicolae_dithmenos_through_a_glass_darkly
Temple:   minmay_temple_curvy_loop
Lair:1:   layout_hall_layers, minmay_holes, beast_lair_carwin_10
Lair:2:   layout_roguey, swamp_mist_pool, bobbens_dragon_lair_wall,
          grunt_megastairs_4
Lair:3:   layout_cave_pods, guppyfry_snake_entry_island, serial_bayou_shore_b,
          serial_bayou_shore_a, infiniplex_staircase_pool_2
Lair:4:   layout_hall_layers, cheibrodos_lair_caveside_slide,
          chequers_serial_rivers_micro_c
Lair:5:   layout_cave_pods, basic_altar, uniq_urug
Lair:6:   hangedman_lair_in_review, layout_regular_city,
          hangedman_lair_caniforms_friends, slime_altar_2
Orc:1:    layout_caves, portal_ice_cave_entry_ice_beasts
Orc:2:    grunt_orc_community_town_hall, layout_caves,
          grunt_orc_community_big_house_1, grunt_orc_community_big_house_2,
          grunt_orc_community_house_1, grunt_orc_community_house_1,
          grunt_orc_community_house_2, grunt_orc_community_house_2,
          grunt_orc_community_house_3, basic_altar
Elf:1:    elf_arrival_001, layout_geoelf_grid, minmay_elf_necromancy
Elf:2:    layout_rooms, serial_shops, shop, basic_altar, due_unseen_surprise,
          uniq_asterion
Elf:3:    elf_hall_gauntlet_wide, layout_geoelf_octagon,
          minmay_misc_feat_columns, uniq_roxanne

Skill      XL: |  1  2  3  4  5  6  7  8  9 10 11 12 13 14 15 16 |
---------------+-------------------------------------------------+-----
Long Blades    | 3 4 5 6 7 8 9 10 11 12 13 14 15 | 15.4
Armour         | 4 5 6 7 8 9 10 11 12 13 14 | 14.8
Fighting       | 4 5 6 7 8 9 10 11 12 13 14 | 14.9
Dodging        | 1 2 3 4 5 6 7 9 10 11 12 13 | 13.5
Shields        | 4 5 6 7 8 9 10 11 12 13 14 | 14.7
Invocations    | 1 2 3 5 6 7 8 9 |  9.0
Throwing       | 1 2 3 5 6 7 8 9 10 11 12 | 12.5

Action                   |  1- 3 |  4- 6 |  7- 9 | 10-12 | 13-15 | 16-18 || total
-------------------------+-------+-------+-------+-------+-------+-------++-------
Melee: Long sword        |   101 |   178 |   352 |   131 |       |       ||   762
       Headbutt          |    15 |    30 |    92 |   131 |   391 |   106 ||   765
       Scimitar          |       |       |    96 |   104 |       |       ||   200
       Demon blade       |       |       |       |   302 |  1510 |   476 ||  2288
       Falchion          |       |       |       |    12 |    18 |       ||    30
       Unarmed           |       |       |       |       |     5 |       ||     5
Throw: Dart              |       |       |     8 |       |     3 |    15 ||    26
       Boomerang         |       |       |       |       |       |    27 ||    27
Invok: Heroism           |       |       |     1 |     5 |     7 |     7 ||    20
       Finesse           |       |       |       |     1 |     1 |     3 ||     5
  Use: Scroll            |       |     6 |     3 |     8 |     6 |     1 ||    24
       Potion            |       |     4 |       |       |     9 |     1 ||    14
 Stab: Invisible         |       |     1 |       |       |       |       ||     1
       Petrified         |       |       |       |       |     2 |       ||     2
       Distracted        |       |       |       |       |     1 |       ||     1
Armor: Scale mail        |    48 |    31 |       |       |       |       ||    79
       Chain mail        |       |    28 |       |       |       |       ||    28
       Plate armour      |       |    41 |   243 |   193 |   442 |   113 ||  1032
       Steam dragon scal |       |       |       |     5 |       |       ||     5
       Ice dragon scales |       |       |       |       |    32 |       ||    32
Dodge: Dodged            |    34 |    42 |   136 |   133 |   427 |   114 ||   886
Block: Kite shield       |    62 |   102 |   275 |   265 |   848 |   289 ||  1841
       Rpst.: Long sword |    10 |    12 |    19 |     4 |       |       ||    45
       Scimitar          |       |       |     9 |     8 |       |       ||    17
       Demon blade       |       |       |       |    14 |    96 |    25 ||   135

Table legend: (Time is in decaauts)
 A = Elapsed time spent in this place.
 B = Non-inter-level travel time spent in this place.
 C = Inter-level travel time spent in this place.
 D = Time resting spent in this place.
 E = Time spent auto-exploring this place.
 F = Levels seen in this place.
 G = Mean time per level.
                   A        B        C        D        E       F      G
               +--------+--------+--------+--------+--------+-----+--------+
         Total |  33276 |  32331 |    945 |   8454 |  16959 |  28 | 1188.4 |
       Dungeon |  14964 |  14451 |    513 |   3557 |   7862 |  14 | 1068.9 |
        Temple |    209 |    189 |     20 |      0 |    189 |   1 |  209.0 |
          Lair |   9815 |   9566 |    249 |   2359 |   5515 |   6 | 1635.8 |
  Orcish Mines |   2436 |   2362 |     74 |    367 |   1373 |   2 | 1218.0 |
   Elven Halls |   5237 |   5150 |     87 |   2102 |   1756 |   3 | 1745.7 |
         Abyss |     74 |     74 |      0 |      0 |      0 |   1 |   74.0 |
      Ice Cave |    540 |    540 |      0 |     69 |    263 |   1 |  540.0 |
               +--------+--------+--------+--------+--------+-----+--------+

Top non-repeatable levels by time:
  Lair:6: 2798 daAuts
   Elf:2: 2513 daAuts
  Lair:5: 1812 daAuts
    D:10: 1652 daAuts
     D:7: 1588 daAuts
  Lair:3: 1553 daAuts
  Lair:2: 1550 daAuts
   Orc:2: 1524 daAuts
   Elf:3: 1468 daAuts
  Lair:4: 1343 daAuts
    D:13: 1335 daAuts
   Elf:1: 1254 daAuts
     D:8: 1251 daAuts
    D:14: 1191 daAuts
     D:1: 1074 daAuts
